 Dungeon Crawl Stone Soup version 0.27.0-1-g7a089689b8 (webtiles) character file.

Game seed: 7419897300378599572

336 RepoMan the Gusty (level 6, -3/28 HPs)
             Began as a Vine Stalker Air Elementalist on Aug 8, 2021.
             Slain by a wyvern (11 damage)
             ... in a sewer.
             The game lasted 00:25:52 (4205 turns).

RepoMan the Gusty (Vine Stalker Air Elementalist)   Turns: 4205, Time: 00:25:53

Health: -3/28      AC:  4    Str: 10    XL:     6   Next: 54%
Magic:  0/12       EV: 12    Int: 17    God:
Gold:   154        SH:  5    Dex: 15    Spells: 2/12 levels left

rFire    . . .     SeeInvis .   n - +3 whip (elec)
rCold    . . .     Faith    .   (no shield)
rNeg     . . .     Spirit   +   a - +0 robe
rPois    .         Reflect  +   (no helmet)
rElec    .         Harm     .   (no cloak)
rCorr    +         Rampage  .   k - +0 pair of gloves
Will     .....                  m - +0 pair of boots
Stlth    +.........             f - amulet of reflection
HPRegen  1.09/turn              i - ring of resist corrosion
MPRegen  0.13/turn              (no ring)

@: very slow
A: fangs 2, regeneration 1, magic shield, antimagic bite, no potion heal 2
a: no special abilities


You were in a sewer.
You visited 1 branch of the dungeon, and saw 4 of its levels.
You also visited: Sewer.

You collected 154 gold pieces.

Inventory:

Hand Weapons
 n - a +3 whip of electrocution (weapon)
Armour
 a - a +0 robe (worn)
 k - a +0 pair of gloves (worn)
 m - a +0 pair of boots (worn)
Jewellery
 f - an amulet of reflection (around neck)
 i - a ring of resist corrosion (left hand)
Wands
 o - a wand of polymorph (4)
Scrolls
 h - a scroll of identify
Potions
 c - 3 potions of flight {unknown}
 d - 2 potions of attraction {unknown}
 e - a potion of invisibility
 p - a potion of mutation {unknown}


   Skills:
 - Level 1.5 Dodging
 - Level 2.4 Stealth
 + Level 3.8 Spellcasting
 + Level 3.1 Conjurations
 * Level 5.4 Air Magic


You had 2 spell levels left.
You knew the following spells:

 Your Spells              Type           Power      Damage    Failure   Level
a - Airstrike             Air            10%        N/A       17%         4
d - Static Discharge      Conj/Air       17%        N/A       4%          2
s - Swiftness             Air            21%        N/A       4%          3
z - Shock                 Conj/Air       68%        1d7       2%          1

Your spell library contained the following spells:

 Spells                   Type           Power      Damage    Failure   Level
 Passwall                 Tmut/Erth      2%         N/A       24%         2
 Invisibility             Hex            1%         N/A       100%        6


Dungeon Overview and Level Annotations

Branches:
Dungeon (4/15)              Sewer (1/1)
 Temple: D:4-7

Altars:
Dithmenos
Elyvilon
Wu Jian


Innate Abilities, Weirdness & Mutations

You have extremely sharp teeth.
Your natural rate of healing is unusually fast.
When hurt, damage is shared between your health and your magic reserves.
Your bite disrupts and absorbs the magic of your enemies.
Potions cannot restore your health.


Message History

Aiming: Polymorph
Press: ? - help, Shift-Dir - straight line, f/p - wyvern
Aim: a wyvern (will become a rime drake, a sky beast, or a swamp drake, chance to affect: 46%)
Okay, then.
Press: ? - help, v - describe, . - travel
Here: a wyvern Some shallow water.
Unknown command.
As you read the scroll labelled MYLAUPNEUTAN, it crumbles to dust.
The creatures around you are filled with an inner flame!
It was a scroll of immolation.
As you read the scroll labelled DAAZET GUKHLYCW, it crumbles to dust.
It is a scroll of enchant weapon.
Your +2 whip of freezing glows red for a moment.
The wyvern bites you. You block the wyvern's attack.
As you read the scroll labelled MEVETA HUIFIO, it crumbles to dust.
You feel aware of your surroundings.
You sensed 1 altar.
It was a scroll of magic mapping.
You block the wyvern's attack.
As you read the scroll labelled CIXKAIKKIZ, it crumbles to dust.
It is a scroll of brand weapon.
Your +3 whip of freezing crackles with electricity.
n - a +3 whip of electrocution (weapon)
The wyvern bites you but does no damage.
The wyvern barely misses you. The wyvern bites you!
Okay, then.
The wyvern bites you. The wyvern barely misses you.
The wyvern closely misses you. The wyvern closely misses you.
The wyvern misses you.
The wyvern bites you but does no damage.
The wyvern hisses menacingly.
The wyvern bites you!!
Ouch! That really hurt!
* * * LOW HITPOINT WARNING * * *
The wyvern bites you.
* * * LOW HITPOINT WARNING * * *
The wyvern closely misses you. The wyvern bites you!
You die...

#.#
#.#
#.#
#.#
#.#
#≈#
#≈#
#≈#
#@#
#l#
#≈#
#≈#
#≈#
#≈#
#≈#
#≈#
#≈#


You could see a wyvern (inner flame).

Vanquished Creatures
  A necrophage (D:4)
  A scorpion (D:4)
  2 orc priests (D:3)
  2 adders
  An ufetubus (D:4)
  2 worms (D:2)
  3 dart slugs
  10 orcs
  8 ball pythons
  6 bats
  5 endoplasms
  6 giant cockroaches
  5 goblins
  7 hobgoblins
  5 jackals
  8 kobolds
  4 quokkas (D:4)
  3 frilled lizards
  6 rats
85 creatures vanquished.

Vanquished Creatures (others)
  2 fungi (D:3)
2 creatures vanquished.

Grand Total: 87 creatures vanquished

Notes
Turn   | Place    | Note
-------+----------+-------------------------------------------
     0 | D:1      | RepoMan the Vine Stalker Air Elementalist began the quest
                  | for the Orb.
     0 | D:1      | Reached XP level 1. HP: 9/9 MP: 4/4
    57 | D:1      | Reached XP level 2. HP: 2/13 MP: 0/6
    60 | D:1      | Learned a level 2 spell: Static Discharge
   895 | D:1      | Reached XP level 3. HP: 16/16 MP: 4/7
  1007 | D:1      | Found a faded altar of an unknown god.
  1561 | D:2      | Learned a level 3 spell: Swiftness
  2233 | D:2      | Reached skill level 4 in Air Magic
  2491 | D:3      | Gained mutation: Your natural rate of healing is unusually
                  | fast. [Vine Stalker growth]
  2491 | D:3      | Reached XP level 4. HP: 21/21 MP: 6/9
  2521 | D:3      | Found a shadowy altar of Dithmenos.
  2983 | D:3      | Reached XP level 5. HP: 24/24 MP: 6/10
  3014 | D:3      | Learned a level 4 spell: Airstrike
  3238 | D:3      | Found an ornate altar of the Wu Jian Council.
  3656 | D:4      | Noticed a necrophage
  3693 | D:4      | Killed a necrophage
  3694 | D:4      | Reached skill level 5 in Air Magic
  3694 | D:4      | Reached XP level 6. HP: 27/28 MP: 0/12
  3933 | D:4      | Found a white marble altar of Elyvilon.
  4066 | D:4      | Found a glowing drain.
  4079 | Sewer    | Entered a sewer
  4193 | Sewer    | Noticed a wyvern
  4193 | Sewer    | a kobold brigand changed into a wyvern
  4205 | Sewer    | Slain by a wyvern

Illustrated notes

Levels and vault maps discovered:
D:1:      sevenhm_arrival_forest_fort_small_3, layout_basic,
          ebering_ecumenical_altar_box
D:2:      layout_loops_cross
D:3:      cheibrodos_pilgrimage, layout_basic,
          grunt_dithmenos_smoke_and_mirrors, mainiacjoe_overflow_boulevard,
          ebering_dispersal_statue_hall, grunt_decor_clamped
D:4:      layout_gridville, elyvilon_altar_5, gup_sewer_entry_pipe,
          chequers_serial_rivers_small_a, minivault_25, nicolae_shop_gadgets
Sewer:    sewer_kobolds

Skill      XL: |  1  2  3  4  5  6 |
---------------+-------------------+-----
Air Magic      | 4 5 |  5.4
Conjurations   | 2 3 |  3.1
Spellcasting   | 3 |  3.8
Dodging        | |  1.5
Stealth        | |  2.4

Action                   |  1- 3 |  4- 6 || total
-------------------------+-------+-------++-------
Melee: Unarmed           |    16 |       ||    16
       Bite              |     4 |     5 ||     9
       Whip              |     3 |    11 ||    14
 Cast: Shock             |    82 |    88 ||   170
Evoke: Wand              |       |     3 ||     3
  Use: Potion            |     1 |       ||     1
       Scroll            |       |     5 ||     5
 Stab: Sleeping          |       |     1 ||     1
Armor: Robe              |    10 |     6 ||    16
Dodge: Dodged            |    31 |    36 ||    67
Block: Other             |     5 |    14 ||    19
       Reflection        |       |     1 ||     1
